 Dungeon Crawl Stone Soup version 0.31-a0-524-g2a164cf6a2 (webtiles) character file.

Game seed: 5733326704443783659

12380 Gargoyl the Cleaver (level 11, 0/69 HPs)
             Began as a Gargoyle Berserker on Aug 12, 2023.
             Was a Priest of Trog.
             Slain by an elephant (12 damage)
             ... on level 2 of the Lair of Beasts.
             The game lasted 00:14:37 (9134 turns).

Gargoyl the Cleaver (Gargoyle Berserker)            Turns: 9134, Time: 00:14:39

Health: 0/69       AC: 27    Str: 23    XL:     11   Next: 92%
Magic:  11/11      EV:  9    Int:  8    God:    Trog [***...]
Gold:   318        SH:  9    Dex: 11    Spells: 10/10 levels left

rFire   + . .        a - +0 hand axe (venom)
rCold   . . .        p - +0 kite shield
rNeg    + . .        g - +1 chain mail {rF+}
rPois   ∞            A - +0 helmet
rElec   +            r - +0 cloak
rCorr   .            h - +0 pair of gloves
SInv    .            x - +0 pair of boots
Will    ++...        (no amulet) Stlth
                     (no ring)
HPRegen 1.31/turn    (no ring)
MPRegen 0.12/turn

%: no passive effects
@: strong-willed, on berserk cooldown, regenerating, slowed, very slow
A: sickness immunity, AC +8, negative energy resistance 1, electricity
resistance, torment resistance 1, petrification resistance
a: Renounce Religion, Berserk, Trog's Hand


You were on level 2 of the Lair of Beasts.
You worshipped Trog.
Trog was most pleased with you.
You visited 2 branches of the dungeon, and saw 10 of its levels.

You collected 549 gold pieces.
You spent 231 gold pieces at shops.

Inventory:

Hand Weapons
 a - a +0 hand axe of venom (weapon)
 y - a +0 war axe
Missiles
 b - 8 poisoned darts (quivered)
Armour
 g - a +1 chain mail of fire resistance (worn)
 h - a +0 pair of gloves (worn)
 p - a +0 kite shield (worn)
 r - a +0 cloak (worn)
 x - a +0 pair of boots (worn)
 A - a +0 helmet (worn)
Jewellery
 z - a ring of flight
 B - a ring of ice
Wands
 m - a wand of flame (27)
 q - a wand of paralysis (10)
 s - a wand of roots (15)
 C - a wand of acid (2)
Scrolls
 i - a scroll of enchant armour
 l - 3 scrolls of identify
 n - 8 scrolls of teleportation
 t - a scroll of poison
 D - 3 scrolls of butterflies
Potions
 c - 2 potions of might
 d - 3 potions of curing
 e - a potion of lignification {unknown}
 f - 2 potions of enlightenment
 j - a potion of ambrosia {unknown}
 k - 2 potions of heal wounds {unknown}
 o - 2 potions of attraction {unknown}
 u - 3 potions of resistance
 v - a potion of mutation {unknown}
 w - a potion of magic {unknown}


   Skills:
 + Level 8.9 Fighting
 + Level 11.1 Axes
 + Level 1.7 Throwing
 + Level 11.0 Armour
 + Level 4.6 Dodging
 + Level 2.0 Stealth
 + Level 5.4 Shields


You had 10 spell levels left.
You didn't know any spells.
Your spell library was empty.

Dungeon Overview and Level Annotations

Branches:
Dungeon (8/15)             Temple (0/1) D:7            Lair (2/5) D:8
  Swamp: Lair:2-3    Shoals: Lair:2-3     Snake: Lair:2-3    Spider: Lair:2-3

Altars:
Fedhas
Gozag
Kikubaaqudgha
Qazlal
Trog
Uskayaw
Vehumet
Wu Jian
Xom
The Shining One

Shops:
D:7 [

Annotations:
D:4 2 runed translucent doors, GordonOverkill's ghost, weakling VSDe


Innate Abilities, Weirdness & Mutations

You are immune to sickness and miasma.
Your stone body is resilient. (AC +8)
You are immune to poison.
You resist negative energy. (rN+)
You are resistant to electric shocks. (rElec)
You are resistant to unholy torment.
You are immune to petrification.


Message History

The elephant trunk-slaps you but does no damage.
Unknown command.
You hit the elephant but do no damage.
The elephant looks as sick as possible!
The elephant is almost dead.
You barely miss the elephant. You hit the elephant.
You kill the elephant!
Trog accepts your kill.
The elephant tramples you but does no damage.
The elephant trunk-slaps you but does no damage.
The elephant tramples you but does no damage.
You block the elephant's attack. The cane toad stings you!
You hit the elephant.
The elephant is moderately wounded.
You hit the elephant.
The elephant looks as sick as possible!
You barely miss the cane toad. You block the elephant's attack.
The elephant trunk-slaps you. The elephant barely misses you.
The elephant trunk-slaps you but does no damage.
The cane toad stings you!
* * * LOW HITPOINT WARNING * * *
The elephant tramples you.
* * * LOW HITPOINT WARNING * * *
You stumble backwards!
You're still recovering from your berserk rage.
You feel better. You block the cane toad's attack.
The elephant closely misses you. You block the elephant's attack.
You block the cane toad's attack.
The air fills with toxic fumes!
As you read the scroll of poison, it crumbles to dust.
The cane toad stings you.
* * * LOW HITPOINT WARNING * * *
You block the elephant's attack.
The elephant trunk-slaps you but does no damage.
The elephant tramples you but does no damage.
The elephant trunk-slaps you but does no damage.
The cane toad stings you!
* * * LOW HITPOINT WARNING * * *
The elephant completely misses you.
The elephant trunk-slaps you but does no damage.
The elephant tramples you!
You die...

..≈≈≈~~~≈~≈~.....#...
#§§§§§§§§§§§§§.......$
#§§§§§§§§§§§§##....#..
###§§§§§§§§§§§§§#.##....
#.#§§§§§§§§§§§§§§....#+.
###§§§§§§§§§§§§§§§......#
##..§§§§§§§§§§§§§§§....[..
##...§§§§§§YYF§§§§§§....#.#
#####....§§§§§§§@§§§§§§§..)...#
#........§§§#§§§##§§§§§§#/.....
#....)...§§§§§§§...§§§§§.......
#...÷....§§§§§#§....§P#§.......
#.....<..#§§§#§§....P§§§......#
#.......#§§####§...!P.§§.......
#......##### #§.......§.......
###...P# #§.....##...#...
#..### ......## ####


You could see 2 elephants and a cane toad.

Vanquished Creatures
  Fannar (Lair:1)
  7 elephants
  3 cane toads
  Psyche (D:8)
  A rime drake (Lair:2)
  3 blink frogs (Lair:2)
  A basilisk (Lair:1)
  10 yaks
  2 wyverns
  A steam dragon (D:8)
  7 water moccasins
  2 black bears
  3 sky beasts
  2 ogres
  3 wolves (Lair:2)
  4 centaurs
  A phantom (D:5)
  2 gnoll sergeants
  3 scorpions
  10 bullfrogs
  21 wights
  8 killer bees
  A howler monkey (D:4)
  3 orc priests
  4 jellies
  3 hounds
  3 iguanas
  A sleepcap (D:8)
  Natasha (thrice) (D:3)
  10 orc wizards
  8 gnolls
  13 adders
  A shadow imp (D:5)
  A white imp (D:6)
  An ufetubus (D:5)
  A worm (D:2)
  34 orcs
  4 endoplasms
  3 giant cockroaches
  5 goblins
  8 hobgoblins
  10 jackals
  2 kobolds
  3 quokkas
  10 ball pythons
  5 bats
  A frilled lizard (D:1)
  8 rats
242 creatures vanquished.

Notes
Turn   | Place    | Note
-------+----------+-------------------------------------------
     0 | D:1      | Gargoyl the Gargoyle Berserker began the quest for the Orb.
     0 | D:1      | Reached XP level 1. HP: 14/14 MP: 1/1
   152 | D:1      | Found a faded altar of an unknown god.
   329 | D:1      | Reached XP level 2. HP: 15/19 MP: 2/2
   735 | D:2      | Found an opulent altar of Gozag.
   757 | D:2      | Reached XP level 3. HP: 23/24 MP: 3/3
   851 | D:2      | Reached ** piety under Trog
  1135 | D:3      | Reached XP level 4. HP: 29/29 MP: 4/4
  1423 | D:3      | You fall into a shaft and drop 2 floors!
  1423 | D:5      | Entered Level 5 of the Dungeon
  1468 | D:5      | Found a shimmering altar of Xom.
  1490 | D:4      | Noticed a scorpion
  1522 | D:4      | Killed a scorpion
  1523 | D:4      | Reached XP level 5. HP: 10/33 MP: 5/5
  1623 | D:4      | Found a stormy altar of Qazlal.
  1678 | D:4      | Reached XP level 6. HP: 15/39 MP: 6/6
  1742 | D:4      | Found a large runed translucent door.
  1742 | D:4      | Found a large runed translucent door.
  1760 | D:4      | Reached skill level 5 in Axes
  1955 | D:3      | Noticed Natasha
  1968 | D:3      | Killed Natasha
  1994 | D:3      | Noticed Natasha
  2011 | D:3      | Killed Natasha
  2032 | D:3      | Noticed Natasha
  2039 | D:3      | Killed Natasha
  2040 | D:3      | Reached XP level 7. HP: 44/44 MP: 7/7
  2597 | D:4      | Found a hide-covered altar of Uskayaw.
  2599 | D:4      | Found an opulent altar of Gozag.
  2634 | D:4      | Noticed GordonOverkill's ghost (weakling VSDe)
  2680 | D:4      | Found a radiant altar of Vehumet.
  2704 | D:4      | Found a blossoming altar of Fedhas.
  2707 | D:4      | Found an ancient bone altar of Kikubaaqudgha.
  2761 | D:4      | Found an ornate altar of the Wu Jian Council.
  2983 | D:5      | Reached skill level 5 in Fighting
  3069 | D:5      | Found a bloodstained altar of Trog.
  3116 | D:5      | Reached skill level 5 in Armour
  3116 | D:5      | Reached XP level 8. HP: 37/49 MP: 8/8
  3811 | D:5      | Found a shimmering altar of Xom.
  3813 | D:5      | Found a shimmering altar of Xom.
  3814 | D:5      | Found a shimmering altar of Xom.
  4198 | D:5      | Reached *** piety under Trog
  4546 | D:5      | Reached XP level 9. HP: 35/56 MP: 9/9
  5453 | D:7      | Found Avoa's Armour Shop.
  5523 | D:7      | Bought a +1 chain mail of fire resistance for 231 gold
                  | pieces
  5611 | D:7      | Found a staircase to the Ecumenical Temple.
  5731 | D:7      | Reached skill level 1 in Throwing
  6094 | D:7      | Reached XP level 10. HP: 59/63 MP: 10/10
  6708 | D:8      | Noticed Psyche
  6802 | D:8      | Killed Psyche
  6803 | D:8      | Reached skill level 1 in Shields
  6847 | D:8      | Found a glowing golden altar of the Shining One.
  7062 | D:8      | Found a staircase to the Lair.
  7722 | Lair:1   | Entered Level 1 of the Lair of Beasts
  7725 | Lair:1   | Noticed Fannar
  7744 | Lair:1   | Killed Fannar
  7806 | Lair:1   | Reached skill level 10 in Axes
  7806 | Lair:1   | Reached skill level 10 in Armour
  7806 | Lair:1   | Reached XP level 11. HP: 45/68 MP: 11/11
  8022 | Lair:1   | Reached skill level 1 in Stealth
  9110 | Lair:2   | Reached skill level 5 in Shields
  9134 | Lair:2   | Slain by an elephant

Illustrated notes

Levels and vault maps discovered:
D:1:      dpeg_arrival_circle_labyrinth_c, layout_basic,
          ebering_ecumenical_altar_rust
D:2:      layout_rooms, basic_altar, corexii_leaking_fountain
D:3:      layout_basic, uniq_natasha
D:4:      layout_rooms, grunt_temple_overflow_growth_and_decay, minitemple,
          marbit_many_paths, mainiacjoe_overflow_catch_the_wave,
          ebering_ghost_disaster_area
D:5:      layout_cave_pods, lemuel_doored_altar, xom_redecorated,
          nicolae_half_adder
D:6:      layout_rooms, cheibrodos_sewer_entry_sluice
D:7:      layout_rooms, minmay_temple_entry_wispy, serial_shops,
          nicolae_shop_crystal, nicolae_zen_rock_garden,
          minmay_misc_feat_enclosed
D:8:      layout_gridville, lemuel_crystal_altar, lair_entry_dummy, uniq_psyche
Lair:1:   layout_chaotic_city, serial_bayou_shore_a, uniq_fannar
Lair:2:   layout_misc_corridors, infiniplex_staircase_pool_2,
          grunt_megastairs_1, lemuel_fruit_tree

Skill      XL: |  1  2  3  4  5  6  7  8  9 10 11 |
---------------+----------------------------------+-----
Axes           | 3 4 5 6 7 8 10 11 | 11.1
Armour         | 3 4 5 6 8 10 11 | 11.0
Fighting       | 4 5 6 7 8 |  8.9
Dodging        | 2 3 4 |  4.6
Throwing       | 1 |  1.7
Shields        | 3 5 |  5.4
Stealth        | 2 |  2.0

Action                     |  1- 3 |  4- 6 |  7- 9 | 10-12 || total
---------------------------+-------+-------+-------+-------++-------
  Melee: Hand axe          |   118 |   189 |   445 |   394 ||  1146
         Punch             |       |     2 |     8 |       ||    10
  Throw: Dart              |       |       |     3 |     5 ||     8
 Invoke: Berserk           |     2 |     4 |    11 |     8 ||    25
         Trog's Hand       |       |     3 |     4 |     7 ||    14
    Use: Scroll            |     1 |     4 |    11 |     2 ||    18
         Potion            |       |       |       |     3 ||     3
 Armour: Animal skin       |    10 |       |       |       ||    10
         Chain mail        |    64 |   166 |   383 |   283 ||   896
  Dodge: Dodged            |    69 |   105 |   297 |   159 ||   630
  Block: Kite shield       |       |       |       |   175 ||   175

Table legend: (Time is in decaauts)
 A = Elapsed time spent in this place.
 B = Non-inter-level travel time spent in this place.
 C = Inter-level travel time spent in this place.
 D = Time resting spent in this place.
 E = Time spent auto-exploring this place.
 F = Levels seen in this place.
 G = Mean time per level.
                   A        B        C        D        E       F      G
               +--------+--------+--------+--------+--------+-----+--------+
         Total |   9335 |   9010 |    325 |   1019 |   5561 |  10 |  933.5 |
       Dungeon |   7889 |   7583 |    306 |    877 |   4638 |   8 |  986.1 |
          Lair |   1446 |   1428 |     18 |    142 |    922 |   2 |  723.0 |
               +--------+--------+--------+--------+--------+-----+--------+

Top non-repeatable levels by time:
     D:5: 1864 daAuts
     D:7: 1298 daAuts
  Lair:1: 1067 daAuts
     D:3: 1040 daAuts
     D:8: 986 daAuts
     D:4: 797 daAuts
     D:6: 747 daAuts
     D:1: 697 daAuts
     D:2: 457 daAuts
  Lair:2: 379 daAuts
